 Dungeon Crawl Stone Soup version 0.27-a0-1065-ge809cff456 (webtiles) character file.

Game seed: 8129374819439302029

59 BritishOli the Sneak (level 3, 0/29 HPs)
             Began as a Demonspawn Delver on Apr 22, 2021.
             Killed by nerve-wracking pain
             ... invoked by a shadow imp
              (5 damage)
             ... on level 5 of the Dungeon.
             The game lasted 00:01:17 (595 turns).

BritishOli the Sneak (Demonspawn Delver)             Turns: 595, Time: 00:01:18

Health: 0/29       AC:  5    Str: 13    XL:     3   Next: 78%
Magic:  3/3        EV: 12    Int: 11    God:
Gold:   5          SH:  0    Dex: 14    Spells: 2/2 levels left

rFire    . . .     SeeInvis .   a - +0 falchion
rCold    . . .     Faith    .   (no shield)
rNeg     . . .     Spirit   .   b - +0 leather armour
rPois    .         Reflect  .   (no helmet)
rElec    .         Harm     .   (no cloak)
rCorr    .         Rampage  .   (no gloves)
Will     .....                  (no boots)
Stlth    ++........             (no amulet)
HPRegen  0.09/turn              (no ring)
MPRegen  0.08/turn              (no ring)

@: no status effects
A: yellow scales 1
a: no special abilities


You were on level 5 of the Dungeon.
You visited 1 branch of the dungeon, and saw 1 of its levels.

You collected 5 gold pieces.

Inventory:

Hand Weapons
 a - a +0 falchion (weapon)
Armour
 b - a +0 leather armour (worn)
Wands
 g - a wand of digging (3)
Scrolls
 c - a scroll of fog
 d - a scroll of magic mapping
 e - a scroll of fear
Potions
 f - a potion of haste
 h - a potion of attraction {unknown}


   Skills:
 + Level 3.3 Fighting
 * Level 2.6 Long Blades
 + Level 1.0 Armour
 * Level 2.6 Dodging
 - Level 4.5 Stealth


You had 2 spell levels left.
You didn't know any spells.
Your spell library was empty.

Dungeon Overview and Level Annotations

Branches:
Dungeon (5/15)
 Temple: D:4-7

Altars:


Innate Abilities, Weirdness & Mutations

You are partially covered in yellow scales. (AC +2)


Message History

You barely miss the howler monkey skeleton.
The howler monkey skeleton is almost destroyed.
The howler monkey skeleton hits you.
You barely miss the howler monkey skeleton.
The howler monkey skeleton is almost destroyed.
The howler monkey skeleton hits you.
You hit the howler monkey skeleton.
You destroy the howler monkey skeleton!
The shadow imp gestures at you. Pain shoots through your body!
Your Armour skill increases to level 1!
You hit the shadow imp but do no damage.
The shadow imp hits you. The shadow imp barely misses you.
You barely miss the shadow imp. The shadow imp hits you.
You slash the shadow imp!
The shadow imp is heavily wounded.
The shadow imp hits you but does no damage.
You hit the shadow imp.
The shadow imp is severely wounded.
The shadow imp hits you.
You barely miss the shadow imp.
The shadow imp is severely wounded.
The shadow imp barely misses you.
You hit the shadow imp but do no damage.
The shadow imp is severely wounded.
The shadow imp gestures at you. Pain shoots through your body!
* * * LOW HITPOINT WARNING * * *
You are too injured to fight recklessly!
You are too injured to fight recklessly!
You are too injured to fight recklessly!
You are too injured to fight recklessly!
You closely miss the shadow imp.
The shadow imp is severely wounded.
The shadow imp barely misses you.
You closely miss the shadow imp.
The shadow imp is severely wounded.
The shadow imp gestures at you. Pain shoots through your body!
You die...

#####
######...#####
#.............
###.##.#@5.#
#.......#.##
#.#.##..#.#
#.#.##..#........
#.......♣♣♣≈≈...#
###.##.♣≈≈≈≈≈P.♣≈
#.##♣PP≈PP≈≈.≈P
#.# P≈≈≈≈≈≈.≈≈
#.# ♣≈≈P≈≈≈.≈≈


You could see a shadow imp.

Vanquished Creatures
  A bullfrog zombie (D:5)
  A howler monkey skeleton (D:5)
  An adder (D:5)
  4 orcs (D:5)
7 creatures vanquished.

Vanquished Creatures (others)
  5 plants (D:5)
5 creatures vanquished.

Grand Total: 12 creatures vanquished

Notes
Turn   | Place    | Note
-------+----------+-------------------------------------------
     0 | D:5      | BritishOli the Demonspawn Delver began the quest for the
                  | Orb.
     0 | D:5      | Reached XP level 1. HP: 18/18 MP: 1/1
    32 | D:5      | Gained mutation: You are partially covered in yellow
                  | scales. (AC +2) [demonic ancestry]
    32 | D:5      | Reached XP level 2. HP: 12/24 MP: 2/2
   335 | D:5      | Reached XP level 3. HP: 8/29 MP: 3/3
   587 | D:5      | Reached skill level 1 in Armour
   595 | D:5      | Killed from afar by a shadow imp

Illustrated notes

Levels and vault maps discovered:
D:5:      layout_loops_corners, kennysheep_orc_sif_temple, zin_angel,
          minmay_temple_entry_waves, nicolae_alphabet_shops,
          serial_bayou_lagoon_b, uniq_menkaure

Skill      XL: |  1  2  3 |
---------------+----------+-----
Long Blades    | 2 |  2.6
Dodging        | 2 |  2.6
Armour         | 1 |  1.0
Fighting       | |  3.3
Stealth        | |  4.5

Action                   || total
-------------------------++-------
Melee: Falchion          ||    47
Armor: Leather armour    ||    11
Dodge: Dodged            ||    22
       Rpst.: Falchion   ||     5

Table legend: (Time is in decaauts)
 A = Elapsed time spent in this place.
 B = Non-inter-level travel time spent in this place.
 C = Inter-level travel time spent in this place.
 D = Time resting spent in this place.
 E = Time spent auto-exploring this place.
 F = Levels seen in this place.
 G = Mean time per level.
                   A        B        C        D        E       F      G
               +--------+--------+--------+--------+--------+-----+--------+
         Total |    615 |    601 |     14 |    477 |     44 |   1 |  615.0 |
       Dungeon |    615 |    601 |     14 |    477 |     44 |   1 |  615.0 |
               +--------+--------+--------+--------+--------+-----+--------+

Top non-repeatable levels by time:
     D:5: 615 daAuts
